 Dungeon Crawl Stone Soup version 0.21-a0-529-g8c7b3f5 (webtiles) character file.

780029 kiturien the Minotaur Barricade (level 27, -8/291 (300) HPs)
             Began as a Minotaur Fighter on Dec 5, 2017.
             Was the Champion of Wu Jian.
             Killed from afar by an iron giant (68 damage)
             ... with an iron shot
             ... created by the effects of Hell
             ... on level 7 of the Iron City of Dis on Dec 9, 2017.
             The game lasted 07:46:16 (87563 turns).

kiturien the Minotaur Barricade (Minotaur Fighter) Turns: 87563, Time: 07:46:17

HP:   -8/291 (300)  AC: 49    Str: 33    XL:     27
MP:   25/25         EV: 25    Int:  7    God:    Wu Jian [******]
Gold: 1663          SH: 33    Dex: 13    Spells: 26/26 levels left

rFire    . . .     SeeInvis +   T - +7 double sword (freeze)
rCold    + . .     Gourm    .   L - +5 shield {AC+3}
rNeg     + + +     Faith    .   s - +13 chain mail of the Buccaneer {MR++}
rPois    +         Spirit   .   M - +2 hat
rElec    .         Reflect  +   b - -2 cloak of Dawn {rF+ MR+}
rCorr    .         Harm     .   c - +3 pair of gauntlets of War {Slay+5}
MR       +++++     Rnd*Rage +   I - +2 pair of boots {run}
Stlth    ++........             y - brooch of Shielding {Reflect SH+8}
HPRegen  0.00/turn              v - ring "Caadghep" {*Drain rC+ rN+++ Str+4 Stlth+}
MPRegen  0.19/turn              j - ring of Mierche {rPois rF- Slay+2 SInv Stlth+}

@: berserk cooldown, slowed, studying 3 skills, very slow
A: retaliatory headbutt, horns 2, iridescent scales 2, berserk 1, robust 1,
inhibited regeneration
}: 5/15 runes: serpentine, barnacled, slimy, silver, abyssal
a: Serpent's Lash, Heavenly Storm, Renounce Religion


You were on level 7 of the Iron City of Dis.
You worshipped Wu Jian.
Wu Jian was exalted by your worship.
You were not hungry.

You visited 12 branches of the dungeon, and saw 58 of its levels.
You visited the Abyss 4 times.
You also visited: Labyrinth and Ice Cave.

You collected 7329 gold pieces.
You spent 5666 gold pieces at shops.

Inventory:

Hand Weapons
 t - a +3 scimitar of flaming
 T - a +7 double sword of freezing (weapon)
Missiles
 E - 9 throwing nets (quivered)
Armour
 b - the -2 cloak of Dawn (worn) {rF+ MR+}
   (You acquired it on level 1 of the Shoals)

   It protects you from fire.
   It affects your resistance to hostile enchantments.
 c - the +3 pair of gauntlets of War (worn) {Slay+5}
   (You bought it in a shop on level 2 of the Shoals)

   It affects your accuracy and damage with ranged weapons and melee attacks
   (+5).
 s - the +13 chain mail of the Buccaneer (worn) {MR++}
   (You bought it in a shop on level 2 of the Orcish Mines)

   It affects your resistance to hostile enchantments.
 I - a +2 pair of boots of running (worn)
 L - a +5 shield of protection (worn)
 M - a +2 hat (worn)
 O - a +4 plate armour of magic resistance
Jewellery
 j - the ring of Mierche (right hand) {rPois rF- Slay+2 SInv Stlth+}
   (You found it on level 3 of the Depths)

   [ring of see invisible]

   It affects your accuracy and damage with ranged weapons and melee attacks
   (+2).
   It makes you vulnerable to fire.
   It protects you from poison.
   It lets you see invisible.
   It makes you more stealthy.
 o - the amulet of Sito {Gourm rElec}
   (You took it off a deep elf mage on level 3 of the Elven Halls)

   [amulet of the gourmand]

   It allows you to eat raw meat even when not hungry.
   It insulates you from electricity.
 v - the ring "Caadghep" (left hand) {*Drain rC+ rN+++ Str+4 Stlth+}
   (You found it on level 2 of the Vaults)

   [ring of protection from cold]

   It affects your strength (+4).
   It protects you from cold.
   It renders you almost immune to negative energy.
   It causes draining when unequipped.
   It makes you more stealthy.
 x - a +5 ring of intelligence
 y - the brooch of Shielding (around neck) {Reflect SH+8}
   (You took it off an ironbrand convoker on level 1 of the Vaults)

   [amulet of reflection]

   It shields you and reflects attacks.
   It affects your SH (+8).
 R - a +5 ring of evasion
 Z - an uncursed ring of resist corrosion
Wands
 a - a wand of flame (182)
 w - a wand of digging (89)
 C - a wand of clouds (4)
Scrolls
 e - a scroll of holy word
 h - 29 scrolls of remove curse
 k - 5 scrolls of fog
 p - 11 scrolls of immolation
 r - 4 scrolls of fear
 u - 18 scrolls of teleportation
 D - 6 scrolls of magic mapping
 H - 6 scrolls of blinking
 J - 3 scrolls of silence
 N - 4 scrolls of summoning
 Y - 8 scrolls of enchant armour
Potions
 d - 6 potions of might
 n - 3 potions of curing
 q - a potion of resistance
 A - a potion of invisibility
 B - 5 potions of haste
 P - 5 potions of agility
 S - a potion of cancellation
 U - 4 potions of flight
 X - a potion of berserk rage
Books
 m - a manual of Ice Magic
 z - a manual of Maces & Flails
 F - a manual of Stealth
Miscellaneous
 G - a phantom mirror
 Q - the horn of Geryon
 W - 2 sacks of spiders
Comestibles
 f - 6 bread rations
 g - 19 royal jellies
 i - 29 fruits
 l - 31 meat rations
 K - 3 chunks of flesh


   Skills:
 O Level 27 Fighting
 O Level 27 Long Blades
 + Level 5.5 Maces & Flails
 O Level 27 Armour
 O Level 27 Dodging
 + Level 6.5 Stealth
 O Level 27 Shields
 + Level 5.1 Evocations


You had 26 spell levels left.
You didn't know any spells.

Dungeon Overview and Level Annotations

Branches:
Dungeon (15/15)            Temple (1/1) D:5            Lair (6/6) D:9
 Shoals (4/4) Lair:4        Snake (4/4) Lair:3        Slime (5/5) Lair:5
    Orc (2/2) D:12            Elf (3/3) Orc:2        Vaults (5/5) D:13
  Crypt (0/3) Vaults:3     Depths (5/5) D:15           Hell (1/1)
    Dis (7/7) Hell            Geh (0/7) Hell            Coc (0/7) Hell
    Tar (0/7) Hell            Zot (0/5) Depths:5

Altars:
Ashenzari
Cheibriados
Dithmenos
Elyvilon
Fedhas
Gozag
Hepliaklqana
Kikubaaqudgha
Makhleb
Nemelex Xobeh
Okawaru
Qazlal
Ru
Sif Muna
Trog
Uskayaw
Vehumet
Wu Jian
Xom
Yredelemnul
Zin
The Shining One
Beogh
Jiyva
Lugonu

Shops:
D:6 }   Orc:2 *([(:(![   Elf:2 ==}   Shoals:1 (   Shoals:2 [   Vaults:1 %
Vaults:2 [(   Vaults:5 [=   Depths:4 ([

Portals:
Hell: Depths:1 Depths:2 Depths:3 Depths:4 Depths:5
Abyss: Depths:3 Depths:4
Pandemonium: Depths:3
Ziggurat: Depths:4

Annotations:
D:10 2 transporters
Depths:3 1 runed door


Innate Abilities, Weirdness & Mutations

You reflexively headbutt those who attack you in melee.
You have a pair of horns on your head.
You are mostly covered in iridescent scales. (AC +4)
You tend to lose your temper in combat.
You are robust. (+10% HP)
You do not regenerate when monsters are visible.


Message History

You block the titan zombie's attack.
You spin and attack the titan zombie.
You slash the titan zombie!
The titan zombie is heavily damaged.
You block the titan zombie's attack.
You spin and attack the titan zombie.
You slice the titan zombie!! You freeze the titan zombie.
You headbutt the titan zombie.
The titan zombie is severely damaged.
You block the titan zombie's attack.
Unknown command.
You spin and attack the iron giant.
You hit the iron giant but do no damage.
The iron giant is moderately wounded.
You spin and attack the titan zombie.
You slice the titan zombie!! You freeze the titan zombie.
The titan zombie is almost destroyed.
The iron giant gestures at you while chanting.
The iron shot hits you! You block the titan zombie's attack.
The iron giant points at you and mumbles some strange words.
The iron shot hits you!
You die...

................8.[.....'........
..................#.....#[.......
...........)......#.....#.......)
..........)).....)#######'##.....
.#.#.....))#.#........#....#....)
+####....)#####....8..#....'.....
#....)## ##.....8.#....###'##
..##.....# #........#....#.....
...'.....## ##.@.....######.....
##'#.....)#####ZC..........#..)..
#.........#.#..).......8..#.....
...............)..##.....8.#.....
..................##.....Z.######
.......##.................z......
....... #......##.............88.
..............##................
...................##.##.......


You could see an iron giant (pinned) and a titan zombie (pinned).

Vanquished Creatures
  the Royal Jelly (Slime:5)
  2 ancient liches
  A juggernaut (Depths:3)
  Boris (Vaults:5)
  Xtahua (Vaults:4)
  Geryon (Hell)
  A golden dragon (Depths:5)
  12 bone dragons
  Jory (Depths:4)
  2 profane servitors (Abyss:4)
  3 iron giants
  3 Brimstone Fiends (Dis:7)
  5 liches
  The ghost of dvd the Basher, an adept TrFi of Okawaru (Elf:2)
  8 tentacled monstrosities
  4 Ice Fiends
  3 quicksilver dragons
  8 Hell Sentinels
  34 acid blobs
  2 deep elf master archers (Elf:3)
  2 deep elf blademasters
  8 titans
  8 Executioners
  4 sphinxes
  5 eldritch tentacles
  A sphinx (shapeshifter) (Vaults:5)
  22 tentacled starspawn
  Donald (Slime:2)
  14 ancient champions
  13 tengu reavers
  15 azure jellies
  4 storm dragons
  Ilsuiw (Shoals:4)
  7 shadow dragons
  6 nagarajas (Snake:4)
  4 daevas
  A draconian monk (Abyss:1)
  12 frost giants
  12 deep elf sorcerers
  2 ghost moths (Depths:4)
  7 balrugs
  A cacodemon (Abyss:3)
  11 fire giants
  15 vault wardens
  2 iron dragons
  2 draconian shifters
  2 draconian scorchers
  5 deep elf elementalists
  11 war gargoyles
  An angel (Abyss:3)
  3 spriggan defenders (Depths:3)
  44 reapers
  An ophan (Abyss:3)
  25 stone giants
  14 ironheart preservers
  An entropy weaver (Vaults:5)
  A ghoul (Vaults:1)
  18 very ugly things
  11 vampire knights
  5 deep elf demonologists
  The ghost of dvd the Arsonist, a journeyman DgFE (Lair:3)
  4 lorocyprocas
  7 deep elf annihilators
  3 purple draconians (Depths:5)
  5 dire elephants (Lair:6)
  A white draconian (Depths:5)
  A minotaur (Lab)
  15 ettins
  11 spark wasps
  A green death (Dis:3)
  6 merfolk javelineers
  Snorg (D:10)
  10 deep elf death magi
  9 deep elf high priests
  11 fire dragons
  2 mummy priests
  4 jiangshi
  A great orb of eyes (shapeshifter) (Abyss:1)
  An eidolon (Abyss:1)
  11 merfolk impalers
  17 death oozes
  10 blizzard demons
  A kraken zombie (Hell)
  15 yaktaur captains
  Erolcha (Orc:1)
  7 quicksilver dragon zombies
  5 rakshasas
  19 great orbs of eyes
  A hell beast (Dis:1)
  7 hydras
  10 ice dragons
  31 vault guards
  A merfolk avatar (Shoals:3)
  14 naga warriors
  Harold (D:12)
  4 alligator snapping turtles
  Erica (Orc:1)
  15 centaur warriors
  9 anacondas
  2 spriggan air magi
  A catoblepas (shapeshifter) (Vaults:4)
  4 death knights
  31 two-headed ogres
  37 dancing weapons
  12 merfolk aquamancers
  14 deep troll shamans
  8 tengu warriors
  2 orc high priests (Depths:5)
  A satyr (Shoals:2)
  6 titan zombies
  17 ogre magi
  6 death yaks
  3 vampire magi
  The ghost of anet the Thaumaturge, a journeyman DEWz of Ashenzari (IceCv)
  16 deep troll earth magi
  5 soul eaters
  7 shock serpents
  25 hell hogs
  2 shock serpents (shapeshifter)
  14 thrashing horrors
  Nergalle (Orc:2)
  11 naga sharpshooters
  4 spriggan berserkers
  42 small abominations
  A storm dragon zombie (Dis:7)
  33 hell knights
  17 wretched stars
  21 deep elf knights
  5 sun demons
  2 iron golems
  3 sixfirhies
  7 shadow wraiths
  A salamander mystic (Depths:5)
  5 anaconda zombies
  An unseen horror (shapeshifter) (Vaults:3)
  A fire crab (shapeshifter) (Vaults:3)
  2 storm dragon skeletons
  22 sea snakes
  2 golden dragon zombies
  69 skeletal warriors
  5 spatial maelstroms
  A ghost moth zombie (Dis:6)
  8 iron trolls
  8 glowing orange brains
  5 unseen horrors
  8 flayed ghosts
  38 deep trolls
  A glowing orange brain (shapeshifter) (Vaults:5)
  A shadow demon (Dis:4)
  2 wizards
  9 orc knights
  7 naga ritualists
  4 shadow dragon zombies
  9 phantasmal warriors
  18 deep elf archers
  13 ironbrand convokers
  3 anaconda skeletons (Hell)
  9 mana vipers
  7 fire giant zombies
  10 orc sorcerers
  An orb spider (shapeshifter) (Abyss:3)
  11 harpies
  A shambling mangrove (Abyss:3)
  10 shining eyes
  6 necromancers
  6 fauns
  7 iron dragon zombies
  6 stone giant zombies
  2 wolf spiders (Vaults:3)
  6 wolf spider zombies
  A salamander (shapeshifter) (Depths:1)
  69 deep elf magi
  55 ugly things
  17 manticores
  A shadow dragon skeleton (Abyss:3)
  4 cyclopes
  5 frost giant zombies
  7 worldbinders
  11 elephants
  5 merfolk sirens
  A frost giant skeleton (Dis:3)
  8 salamanders
  5 ice statues
  6 draconians (Abyss:4)
  5 water nymphs
  5 molten gargoyles
  5 apocalypse crabs
  3 centaur zombies
  2 moths of wrath (shapeshifter)
  14 vault sentinels
  3 shock serpent zombies
  10 guardian serpents
  12 naga magi
  64 rust devils
  5 dire elephant zombies
  44 black mambas
  4 eyes of devastation
  2 torpor snails (shapeshifter)
  3 iron dragon skeletons (Dis:1)
  3 orange demons
  9 spiny frogs
  A dire elephant skeleton (Abyss:4)
  6 smoke demons
  2 catoblepas zombies
  2 gargoyles
  A spiny frog (shapeshifter) (Vaults:4)
  49 yaktaurs
  10 komodo dragons
  A yaktaur zombie (Hell)
  9 rime drakes
  An emperor scorpion zombie (Dis:5)
  22 hellions
  2 spriggan zombies (Hell)
  A demonic crawler (Abyss:1)
  2 iron troll zombies (Dis:1)
  3 kobold demonologists
  30 tormentors
  4 efreet
  21 freezing wraiths
  13 ancient zymes
  11 hellwings
  A yaktaur (shapeshifter) (Vaults:5)
  19 ice devils
  7 hydra zombies
  3 tengu conjurers
  18 red devils
  A redback zombie (D:13)
  3 minotaur zombies
  A golden dragon simulacrum (Abyss:4)
  2 harpy zombies
  9 trolls
  An iron troll skeleton (Dis:1)
  2 queen bees (shapeshifter)
  10 hornets
  A meliai (shapeshifter) (Depths:2)
  3 polar bears (D:9)
  29 raiju
  A wolf spider simulacrum (D:14)
  2 hornets (shapeshifter)
  A queen bee (Lair:2)
  2 wind drakes (shapeshifter) (Vaults:2)
  3 hydra skeletons
  37 merfolk
  A hippogriff (shapeshifter) (Depths:4)
  An alligator zombie (Dis:7)
  22 blink frogs
  A harpy skeleton (Dis:7)
  6 ettin zombies
  104 slime creatures
  3 wind drakes
  12 snapping turtles
  11 dream sheep
  A deep troll zombie (Hell)
  22 hippogriffs
  2 black mamba zombies
  A stone giant simulacrum (Vaults:1)
  Sigmund (D:4)
  3 fire dragon zombies
  6 ice dragon zombies
  A meliai zombie (D:12)
  33 flying skulls
  22 water elementals
  8 air elementals
  10 ynoxinuls
  13 wyverns
  2 fire dragon skeletons (Dis:4)
  2 vampires
  3 alligator skeletons
  35 yaks
  50 large abominations
  17 shadows
  A human (D:8)
  36 wraiths
  Eustachio (D:5)
  A dire elephant simulacrum (Abyss:1)
  2 hungry ghosts
  5 basilisks
  4 hogs (D:8)
  10 fire elementals
  2 basilisks (shapeshifter)
  A human (shapeshifter) (Elf:1)
  11 vampire mosquitoes
  2 golden eyes (shapeshifter)
  A steam dragon (D:8)
  6 golden eyes
  5 chaos spawn
  3 spatial vortices
  5 neqoxecs
  A monstrous demonspawn zombie (Dis:7)
  40 nagas
  3 wargs
  A warg (shapeshifter) (Depths:3)
  Menkaure (D:7)
  2 acid dragons
  A harpy simulacrum (Abyss:3)
  2 insubstantial wisps
  2 spiny frog zombies
  A human zombie (Hell)
  Duvessa (D:3)
  79 hell hounds
  8 porcupines
  A hydra simulacrum (Hell)
  15 water moccasins
  2 merfolk skeletons
  10 ice beasts
  20 orc warriors
  2 phantoms (D:8)
  2 eyes of draining (shapeshifter)
  6 sky beasts
  2 snapping turtle zombies
  3 black bears
  4 necrophages
  A centaur (shapeshifter) (Vaults:5)
  5 boggarts
  13 eyes of draining
  28 ogres
  10 centaurs
  A swamp dragon skeleton (Abyss:4)
  9 wolves
  7 crocodiles
  A snapping turtle skeleton (Dis:3)
  2 elf zombies
  22 bullfrogs
  4 earth elementals
  A gnoll sergeant (D:8)
  Dowan (D:3)
  4 scorpions
  49 killer bees
  29 wights
  3 howler monkeys
  5 electric eels
  13 crimson imps
  4 lava snakes (Lair:3)
  2 bullfrog zombies
  4 hounds
  9 quasits
  57 starcursed masses
  4 centaur skeletons
  21 orc priests
  5 jellies
  41 orc wizards
  33 iron imps
  A human skeleton (Dis:2)
  5 iguanas
  9 worker ants
  A tengu zombie (Dis:5)
  A hound zombie (D:7)
  12 mummies
  A worker ant zombie (D:5)
  A howler monkey skeleton (D:5)
  9 adders
  3 gnolls (D:8)
  3 shadow imps
  12 white imps
  4 ufetubi
  3 oozes
  An adder skeleton (D:4)
  4 worms
  2 dart slugs (D:1)
  2 adder simulacra (D:9)
  5 leopard geckos
  100 orcs
  16 bats
  14 giant cockroaches
  A goblin (shapeshifter) (Vaults:5)
  6 goblins
  12 hobgoblins
  13 jackals
  6 quokkas
  2 ball pythons
  6 frilled lizards
  A giant cockroach zombie (D:6)
  9 kobolds
  A leopard gecko skeleton (D:4)
  An orc zombie (Dis:6)
  7 rats
  A crawling corpse (Depths:3)
  3 fungi (Lair:6)
  7 plants
  9 starspawn tentacles
  A tentacle (Hell)
3492 creatures vanquished.

Vanquished Creatures (others)
  A tentacled starspawn (Abyss:3)
  An eldritch tentacle (Dis:1)
  A fire giant (Depths:2)
  2 stone giants
  A merfolk javelineer (Shoals:4)
  8 yaktaur captains
  A great orb of eyes (Depths:1)
  An ice dragon (Depths:3)
  A centaur warrior (D:15)
  A tengu warrior (Depths:2)
  A death knight (Abyss:1)
  2 ogre magi
  A dancing weapon (Elf:3)
  A deep troll shaman (Depths:1)
  2 hell hogs
  A naga sharpshooter (Snake:1)
  An unseen horror (D:13)
  A deep elf archer (Vaults:4)
  An orc knight (Vaults:1)
  2 deep elf magi (Vaults:5)
  3 cyclopes
  2 large abominations (Abyss:1)
  A merfolk siren (Shoals:2)
  A naga mage (Snake:2)
  A catoblepas zombie (Dis:2)
  16 yaktaurs
  A tengu conjurer (Depths:1)
  2 raiju
  A blink frog (Abyss:4)
  An ice dragon zombie (Abyss:4)
  A water elemental (Shoals:3)
  5 golden eyes (Abyss:4)
  A chaos spawn (Abyss:1)
  3 small abominations
  2 boggarts (Depths:4)
  An ogre (Vaults:5)
  4 centaurs
  A lava snake (Lair:3)
  2 starcursed masses (Abyss:3)
  An orc wizard (Orc:2)
  11 fungi
  3 lurking horrors
  17 plants
  45 starspawn tentacles
  3 tentacles (Hell)
160 creatures vanquished.

Grand Total: 3652 creatures vanquished

Notes
Turn   | Place    | Note
-------+----------+-------------------------------------------
     0 | D:1      | kiturien the Minotaur Fighter began the quest for the Orb.
     0 | D:1      | Reached XP level 1. HP: 19/19 MP: 0/0
   110 | D:1      | Reached XP level 2. HP: 27/27 MP: 1/1
   501 | D:1      | Reached XP level 3. HP: 32/33 MP: 2/2
  1176 | D:2      | Reached XP level 4. HP: 37/40 MP: 3/3
  1638 | D:3      | Reached skill level 1 in Dodging
  1638 | D:3      | Reached XP level 5. HP: 32/47 MP: 4/4
  1738 | D:3      | Reached skill level 5 in Armour
  1967 | D:3      | Gained mutation: You have large cloven feet. [potion of mutation]
  1967 | D:3      | Gained mutation: Your spells are a little easier to cast, but a little less powerful. [potion of mutation]
  1967 | D:3      | Gained mutation: Your movements are slightly less encumbered by armour. (ER -2) [potion of mutation]
  1967 | D:3      | Gained mutation: You possess an exceptional clarity of mind. [potion of mutation]
  1978 | D:3      | Reached skill level 5 in Shields
  2592 | D:3      | Reached XP level 6. HP: 55/55 MP: 5/5
  2600 | D:3      | Found a deep blue altar of Sif Muna.
  2845 | D:4      | Noticed Duvessa
  2846 | D:4      | Noticed Dowan
  2907 | D:3      | Killed Duvessa
  2907 | D:3      | Reached skill level 5 in Fighting
  2910 | D:3      | Killed Dowan
  3195 | D:4      | Noticed Sigmund
  3204 | D:4      | Killed Sigmund
  3204 | D:4      | Reached XP level 7. HP: 36/61 MP: 6/6
  3588 | D:4      | Found a snail-covered altar of Cheibriados.
  3638 | D:4      | Found a bloodstained altar of Trog.
  4081 | D:5      | Entered Level 5 of the Dungeon
  4216 | D:5      | Found a staircase to the Ecumenical Temple.
  4220 | D:5      | Got a wavering silver ring
  4221 | D:5      | Identified the ring of Pextiuth {rN+ Str+3 Stlth-} (You found it on level 5 of the Dungeon)
  4257 | Temple   | Entered the Ecumenical Temple
  4272 | Temple   | Became a worshipper of the Wu Jian Council
  4610 | D:5      | Noticed Eustachio
  4636 | D:5      | Killed Eustachio
  5180 | D:6      | Reached XP level 8. HP: 49/70 MP: 7/7
  5648 | D:5      | Reached skill level 5 in Long Blades
  5786 | D:5      | Got a transparent robe
  5797 | D:5      | Identified the +1 robe of the Voivode {rPois Stlth+} (You found it on level 5 of the Dungeon)
  5892 | D:6      | Found Finirpho's Gadget Emporium.
  6209 | D:6      | Reached skill level 5 in Dodging
  6592 | D:6      | Reached * piety under Wu Jian
  6745 | D:6      | Reached XP level 9. HP: 78/78 MP: 8/8
  7889 | D:7      | Found a shattered altar of Ashenzari.
  7999 | D:7      | Noticed Menkaure
  8003 | D:7      | Killed Menkaure
  8003 | D:7      | Reached ** piety under Wu Jian
  8044 | D:7      | Got a fine whip
  8045 | D:7      | Identified the +8 whip "Zoeqop" {flame, rF- Str+8} (You found it on level 7 of the Dungeon)
  8685 | D:8      | Reached skill level 10 in Shields
  8698 | D:8      | Reached XP level 10. HP: 85/88 MP: 9/9
  9025 | D:8      | Found a stormy altar of Qazlal.
  9266 | D:8      | Reached XP level 11. HP: 108/108 MP: 10/10
  9410 | D:9      | Found a staircase to the Lair.
  9902 | D:9      | Reached *** piety under Wu Jian
  9977 | D:9      | Gained mutation: You are frail. (-10% HP) [mutagenic meat]
  9987 | D:9      | Found a sparkling altar of Nemelex Xobeh.
  9990 | D:9      | Found a radiant altar of Vehumet.
 10096 | D:9      | Found a glowing silver altar of Zin.
 10099 | D:9      | Found a basalt altar of Yredelemnul.
 10223 | D:9      | Noticed a two-headed ogre
 10238 | D:9      | Killed a two-headed ogre
 10600 | D:10     | Entered Level 10 of the Dungeon
 10676 | D:10     | Noticed a deep troll
 10679 | D:10     | Noticed a stone giant
 10681 | D:10     | Noticed a centaur warrior
 10681 | D:10     | Noticed a rakshasa
 10694 | D:10     | Found a transporter.
 10694 | D:10     | Found a transporter.
 10898 | D:10     | Killed an unseen horror
 10946 | D:10     | Reached skill level 10 in Armour
 11497 | D:11     | Noticed Snorg
 11597 | D:10     | Reached **** piety under Wu Jian
 11631 | D:10     | Killed Snorg
 11631 | D:10     | Reached XP level 12. HP: 72/105 MP: 11/11
 12474 | D:12     | Noticed Harold
 12496 | D:12     | Killed Harold
 12558 | D:12     | Found a labyrinth entrance.
 12570 | Lab      | Entered a labyrinth
 12917 | Lab      | Noticed a minotaur
 12926 | Lab      | Killed a minotaur
 12944 | Lab      | Got a heavily runed ring mail
 12955 | Lab      | Identified the +3 ring mail "Wael" {rF++ Dex-2 SInv Stlth+} (You found it in a labyrinth)
 13013 | Lab      | Reached ***** piety under Wu Jian
 13320 | D:13     | Noticed a centaur warrior
 13339 | D:13     | Killed a centaur warrior
 13725 | D:13     | Noticed a four-headed hydra
 13728 | D:13     | Killed a one-headed hydra
 13733 | D:13     | Noticed a centaur warrior
 13736 | D:13     | Noticed a centaur warrior
 13739 | D:13     | Killed a centaur warrior
 13740 | D:13     | Noticed a five-headed hydra
 13751 | D:13     | Killed a centaur warrior
 13756 | D:13     | Reached skill level 15 in Fighting
 13761 | D:13     | Killed a two-headed hydra
 13761 | D:13     | Reached skill level 10 in Long Blades
 13764 | D:13     | Noticed a centaur warrior
 13774 | D:13     | Killed a centaur warrior
 13774 | D:13     | Reached XP level 13. HP: 98/113 MP: 12/12
 14197 | D:12     | Found a staircase to the Orcish Mines.
 14758 | Orc:1    | Entered Level 1 of the Orcish Mines
 14791 | Orc:1    | Noticed Erolcha
 14796 | Orc:1    | Killed Erolcha
 14956 | Orc:1    | Noticed Erica
 14966 | Orc:1    | Killed Erica
 15028 | Orc:1    | Reached skill level 10 in Dodging
 15257 | Orc:2    | Entered Level 2 of the Orcish Mines
 15367 | Orc:2    | Found Zaos's Armour Emporium.
 15390 | Orc:2    | Found Uxzolev's Weapon Shop.
 15699 | Orc:2    | Found Ysiuk's Assorted Antiques.
 15711 | Orc:2    | Found Juluzeon's Weapon Emporium.
 15764 | Orc:2    | Found a staircase to the Elven Halls.
 16497 | Orc:2    | Found Nokibe's Antique Armour Shoppe.
 16528 | Orc:2    | Found an ancient bone altar of Kikubaaqudgha.
 16529 | Orc:2    | Noticed Nergalle
 16548 | Orc:2    | Killed Nergalle
 16575 | Orc:2    | Found Pafruff's Antique Weapon Shoppe.
 16642 | Orc:2    | Found a radiant altar of Vehumet.
 16737 | Orc:2    | Found a roughly hewn altar of Beogh.
 16751 | Orc:2    | Found Qesint's Distillery.
 16765 | Orc:2    | Found Jurimp's Book Shoppe.
 17016 | Orc:2    | Bought the +13 chain mail of the Buccaneer {MR++} for 1103 gold pieces
 17016 | Orc:2    | Bought a +1 pair of gloves for 149 gold pieces
 17164 | Lair:1   | Entered Level 1 of the Lair of Beasts
 17360 | Lair:1   | Reached ****** piety under Wu Jian
 18103 | Lair:2   | Reached XP level 14. HP: 122/122 MP: 13/13
 18119 | Lair:2   | Found a frozen archway.
 18129 | IceCv    | Entered an ice cave
 18706 | IceCv    | Noticed anet's ghost (journeyman DEWz)
 18720 | IceCv    | Killed anet's ghost
 18749 | IceCv    | Lost mutation: Your movements are slightly less encumbered by armour. (ER -2) [mutagenic meat]
 18750 | IceCv    | Lost mutation: You possess an exceptional clarity of mind. [potion of mutation]
 18750 | IceCv    | Lost mutation: Your spells are a little easier to cast, but a little less powerful. [potion of mutation]
 18750 | IceCv    | Lost mutation: You have large cloven feet. [potion of mutation]
 18750 | IceCv    | Gained mutation: Your magical capacity is low. (-10% MP) [potion of mutation]
 18750 | IceCv    | Gained mutation: You are resistant to electric shocks. (rElec) [potion of mutation]
 18751 | IceCv    | Lost mutation: You are frail. (-10% HP) [potion of mutation]
 18751 | IceCv    | Lost mutation: Your magical capacity is low. (-10% MP) [potion of mutation]
 18751 | IceCv    | Gained mutation: Your spells are a little harder to cast, but a little more powerful. [potion of mutation]
 18780 | IceCv    | Got a smoking ring mail
 18900 | Lair:2   | Identified the +5 ring mail of Kusosaqao {-Tele rN+ MR++ Slay+3} (You found it in an ice cave)
 20537 | Lair:3   | Found a staircase to the Snake Pit.
 20856 | Lair:3   | Noticed dvd's ghost (journeyman DgFE)
 20880 | Lair:3   | Killed dvd's ghost
 21272 | Lair:4   | Found a staircase to the Shoals.
 21855 | Lair:4   | Reached XP level 15. HP: 142/145 MP: 14/14
 22321 | Lair:5   | Found a staircase to the Slime Pits.
 22954 | Lair:6   | Entered Level 6 of the Lair of Beasts
 23000 | Lair:6   | Reached skill level 15 in Shields
 23918 | Lair:6   | Identified Buny Fidd's Secret Knowledge in Simple Steps
 24699 | Snake:1  | Entered Level 1 of the Snake Pit
 25323 | Elf:1    | Entered Level 1 of the Elven Halls
 26251 | Elf:1    | Identified a scroll of acquirement
 26525 | Elf:1    | Reached XP level 16. HP: 132/156 MP: 15/15
 27570 | Elf:2    | Reached skill level 15 in Armour
 27651 | Elf:2    | Found Tiottako's Gadget Shop.
 27651 | Elf:2    | Found Naoxoc's Jewellery Shoppe.
 27657 | Elf:2    | Found Anaymits's Jewellery Shoppe.
 27729 | Elf:2    | Bought an uncursed ring of poison resistance for 340 gold pieces
 27729 | Elf:2    | Bought an uncursed ring of flight for 297 gold pieces
 27768 | Elf:2    | Noticed dvd's ghost (adept TrFi)
 27836 | Elf:2    | Killed dvd's ghost
 28133 | Elf:2    | Found a runed door.
 28142 | Elf:2    | Found a runed door.
 28996 | Elf:2    | Noticed a deep elf blademaster
 29003 | Elf:2    | Killed a deep elf blademaster
 30130 | Elf:3    | Entered Level 3 of the Elven Halls
 30480 | Elf:3    | Reached skill level 15 in Long Blades
 30496 | Elf:3    | Reached XP level 17. HP: 120/166 MP: 16/16
 30699 | Elf:3    | Noticed a deep elf blademaster
 30729 | Elf:3    | Killed a deep elf blademaster
 31489 | Elf:3    | Noticed a deep elf master archer
 31507 | Elf:3    | Killed a deep elf master archer
 31641 | Elf:3    | Got a steaming zirconium amulet
 31653 | Elf:3    | Noticed a deep elf master archer
 31665 | Elf:3    | Killed a deep elf master archer
 32248 | Elf:3    | Identified the Almanac of Creative Lightness
 32267 | Elf:3    | Identified the amulet of Sito {Gourm rElec} (You took it off a deep elf mage on level 3 of the Elven Halls)
 32275 | Elf:3    | Identified a +1 pair of boots of running (You found it on level 3 of the Elven Halls)
 32312 | Elf:3    | Identified the +0 helmet of the Game Afoot {Int+3} (You found it on level 3 of the Elven Halls)
 34289 | Snake:2  | Reached skill level 15 in Dodging
 34316 | Snake:2  | Found a stormy altar of Qazlal.
 34418 | Snake:2  | Identified the +7 great sword "Uroidyre" {freeze, rF- Dex+4} (You found it on level 2 of the Snake Pit)
 34779 | Snake:2  | Reached XP level 18. HP: 153/176 MP: 17/17
 36172 | Snake:3  | Identified the Catalogue of Unholy Good Luck
 36366 | Snake:4  | Entered Level 4 of the Snake Pit
 37471 | Snake:4  | Got a serpentine rune of Zot
 37709 | Snake:4  | Identified the cursed +0 leather armour "Gofy" {rN++ Int+4} (You found it on level 4 of the Snake Pit)
 38501 | Shoals:1 | Entered Level 1 of the Shoals
 38666 | Shoals:1 | HP: 2/178 [water nymph/the raging water (34)]
 39110 | Shoals:1 | Got a bloodstained cloak
 39132 | Shoals:1 | Identified the -2 cloak of Dawn {rF+ MR+} (You acquired it on level 1 of the Shoals)
 39221 | Shoals:1 | Found Engas's Antique Weapon Boutique.
 39947 | Shoals:2 | Reached XP level 19. HP: 184/184 MP: 18/18
 39954 | Shoals:2 | Found Cexe's Antique Armour Boutique.
 39964 | Shoals:2 | Bought a shiny shield for 195 gold pieces
 39964 | Shoals:2 | Bought the +3 pair of gauntlets of War {Slay+5} for 1235 gold pieces
 39964 | Shoals:2 | Found the +3 pair of gauntlets of War {Slay+5}
 41700 | Shoals:3 | Identified the +0 quarterstaff "Mounal" {holy, Dex+5} (You found it on level 3 of the Shoals)
 41791 | Shoals:4 | Entered Level 4 of the Shoals
 42106 | Shoals:4 | Noticed Ilsuiw
 42346 | Shoals:4 | Killed Ilsuiw
 43385 | Shoals:4 | Got a barnacled rune of Zot
 43807 | D:12     | Upgraded the game from 0.21-a0-521-g1cd18d1 to 0.21-a0-522-ga8338f0
 43998 | D:13     | Found a gate to the Vaults.
 44328 | D:14     | Found a snail-covered altar of Cheibriados.
 45036 | D:15     | Entered Level 15 of the Dungeon
 45239 | D:15     | Found a staircase to the Depths.
 45471 | D:15     | Reached XP level 20. HP: 195/195 MP: 19/19
 45766 | D:15     | Found a blossoming altar of Fedhas.
 46311 | Vaults:1 | Entered Level 1 of the Vaults
 47154 | Vaults:1 | Found Kafoix's Food Boutique.
 48027 | Vaults:2 | Found Cuschuse's Antique Armour Shop.
 48189 | Vaults:2 | Got a crude steel ring
 48190 | Vaults:2 | Identified the ring "Caadghep" {*Drain rC+ rN+++ Str+4 Stlth+} (You found it on level 2 of the Vaults)
 48673 | Vaults:2 | Found Aplikid's Antique Weapon Shop.
 48683 | Vaults:2 | Bought a translucent scimitar for 324 gold pieces
 48683 | Vaults:2 | Identified the +2 scimitar "Fisea" {freeze, rPois MR+ Int+3 Dex-5} (You bought it in a shop on level 2 of the Vaults)
 49248 | Vaults:3 | Reached XP level 21. HP: 183/204 MP: 20/20
 49439 | Vaults:3 | Found a staircase to the Crypt.
 50645 | Vaults:4 | Noticed Xtahua
 50656 | Vaults:4 | Killed Xtahua
 51911 | Vaults:5 | Entered Level 5 of the Vaults
 52074 | Vaults:4 | Reached XP level 22. HP: 201/215 MP: 17/21
 52910 | Vaults:5 | Noticed Boris
 52916 | Vaults:5 | Killed Boris
 53341 | Vaults:5 | Noticed an ancient lich
 53710 | Vaults:5 | Killed an ancient lich
 53710 | Vaults:5 | Reached XP level 23. HP: 164/225 MP: 22/22
 54658 | Vaults:5 | Found the +8 orange crystal plate armour {Archmagi, Int+3 Clar}
 54923 | Vaults:5 | Found Zifygi's Antique Armour Shoppe.
 54931 | Vaults:5 | Found Vuaduepse's Jewellery Shoppe.
 54979 | Vaults:5 | Got a silver rune of Zot
 55531 | Elf:2    | Bought an uncursed ring of see invisible for 255 gold pieces
 56011 | Depths:1 | Entered Level 1 of the Depths
 56431 | Depths:1 | Found a gateway to Hell.
 56650 | Depths:1 | Cast into level 4 of the Abyss (the power of Zot)
 56741 | Abyss:4  | Found a corrupted altar of Lugonu.
 57057 | Depths:1 | Escaped the Abyss
 57519 | Depths:1 | Found a corrupted altar of Lugonu.
 58108 | Depths:2 | Reached XP level 24. HP: 232/236 MP: 22/22
 58726 | Depths:3 | Found a one-way gate leading to the halls of Pandemonium.
 58731 | Depths:3 | Found a runed door.
 58733 | Depths:3 | Found a runed door.
 58733 | Depths:3 | Found a runed door.
 59181 | Depths:3 | Found a one-way gate to the infinite horrors of the Abyss.
 59764 | Depths:3 | Identified the ring of Mierche {rPois rF- Slay+2 SInv Stlth+} (You found it on level 3 of the Depths)
 60101 | Depths:3 | Found a sacrificial altar of Ru.
 60510 | Depths:3 | Identified the amulet "Asesm" {Faith +Inv Dex+3} (You found it on level 3 of the Depths)
 61226 | Depths:3 | Noticed a juggernaut
 61237 | Depths:3 | Killed a juggernaut
 62194 | Depths:4 | Reached XP level 25. HP: 244/246 MP: 22/22
 62317 | Depths:4 | Upgraded the game from 0.21-a0-522-ga8338f0 to 0.21-a0-525-ga34b322
 62561 | Depths:4 | Noticed Jory
 62586 | Depths:4 | Killed Jory
 62596 | Depths:4 | Got a clouded ivory ring
 62647 | Depths:4 | Identified the ring of Joitos {*Tele Str+5 Int-4} (You took it off a vampire knight on level 4 of the Depths)
 63053 | Depths:4 | Found Awets's Antique Armour Boutique.
 63061 | Depths:4 | Found Cacu's Weapon Shop.
 63437 | Depths:4 | Found a gateway to a ziggurat.
 63834 | Depths:5 | Entered Level 5 of the Depths
 63877 | Depths:5 | Found a deep blue altar of Sif Muna.
 63891 | Depths:5 | Found the ring of Shadows {Umbra +Inv Stlth+}
 64902 | Depths:5 | Found a gate to the Realm of Zot.
 65239 | Depths:4 | Bought a smoking plate armour for 700 gold pieces
 65252 | Depths:4 | Identified the cursed +0 plate armour of Entitlement {rElec Dex+2} (You bought it in a shop on level 4 of the Depths)
 65286 | Hell     | Entered the Vestibule of Hell
 65286 | Hell     | Noticed Geryon
 65319 | Hell     | Killed Geryon
 65753 | Hell     | Found a gateway to the decaying netherworld of Tartarus.
 65905 | Hell     | Found a gateway to the ashen valley of Gehenna.
 65996 | Hell     | Found a gateway to the Iron City of Dis.
 66080 | Hell     | Found a gateway to the freezing wastes of Cocytus.
 66635 | Shoals:2 | Bought an encrusted plate armour for 728 gold pieces
 66635 | Shoals:2 | Identified the +4 plate armour of Zin's Delight {MR+} (You bought it in a shop on level 2 of the Shoals)
 67285 | Elf:2    | Bought an uncursed ring of resist corrosion for 340 gold pieces
 67626 | Slime:1  | Entered Level 1 of the Pits of Slime
 67634 | Slime:1  | Gained mutation: Scrolls take you a little longer to read. [a shining eye]
 67653 | Slime:1  | Gained mutation: Scrolls take you longer to read. [a shining eye]
 67664 | Slime:1  | Gained mutation: You are frail. (-10% HP) [a shining eye]
 67672 | Slime:1  | Gained mutation: Your magical capacity is low. (-10% MP) [a shining eye]
 67676 | Slime:1  | Gained mutation: Scrolls take you much longer to read. [a shining eye]
 67680 | Slime:1  | Gained mutation: Your body sometimes deteriorates upon taking damage. [a shining eye]
 67682 | Slime:1  | Gained mutation: Armour fits poorly on your strangely shaped body. [a shining eye]
 67685 | Slime:1  | Reached XP level 26. HP: 216/231 MP: 2/19
 67755 | Slime:1  | Gained mutation: You occasionally shout uncontrollably at your foes. [a shining eye]
 67756 | Slime:1  | Gained mutation: Your body often deteriorates upon taking damage. [a shining eye]
 67759 | Slime:1  | Gained mutation: You are weak. (Str -2) [a shining eye]
 67762 | Slime:1  | Gained mutation: You tend to lose your temper in combat. [a shining eye]
 67763 | Slime:1  | Gained mutation: You are very weak. (Str -4) [a shining eye]
 67773 | Slime:1  | Lost mutation: Your spells are a little harder to cast, but a little more powerful. [a shining eye]
 68135 | Slime:2  | Noticed Donald
 68145 | Slime:2  | Killed Donald
 68534 | Slime:3  | Found a viscous altar of Jiyva.
 68817 | Slime:3  | Gained mutation: You often lose your temper in combat. [a shining eye]
 69116 | Slime:4  | Lost mutation: You are frail. (-10% HP) [potion of mutation]
 69116 | Slime:4  | Lost mutation: Scrolls take you much longer to read. [potion of mutation]
 69116 | Slime:4  | Gained mutation: You are partially covered in iridescent scales. (AC +2) [potion of mutation]
 69117 | Slime:4  | Lost mutation: Armour fits poorly on your strangely shaped body. [potion of mutation]
 69117 | Slime:4  | Lost mutation: Your body often deteriorates upon taking damage. [potion of mutation]
 69117 | Slime:4  | Lost mutation: Your body sometimes deteriorates upon taking damage. [potion of mutation]
 69117 | Slime:4  | Lost mutation: You occasionally shout uncontrollably at your foes. [potion of mutation]
 69117 | Slime:4  | Lost mutation: Scrolls take you longer to read. [potion of mutation]
 69117 | Slime:4  | Gained mutation: Your body sometimes deteriorates upon taking damage. [potion of mutation]
 69117 | Slime:4  | Gained mutation: You are mostly covered in iridescent scales. (AC +4) [potion of mutation]
 69710 | Slime:5  | Entered Level 5 of the Pits of Slime
 70002 | Slime:5  | Gained mutation: Your system is resistant to poisons. (rPois) [a shining eye]
 70008 | Slime:5  | Noticed the Royal Jelly
 70389 | Slime:5  | Found a viscous altar of Jiyva.
 70767 | Slime:5  | Killed the Royal Jelly
 71483 | Slime:5  | Got a slimy rune of Zot
 71510 | Slime:5  | Identified Sif Muna's Almanac of Harmful Changing
 72299 | Depths:3 | Voluntarily entered the Abyss.
 72899 | Abyss:1  | Found a corrupted altar of Lugonu.
 72909 | Abyss:1  | Paralysed by accursed screaming for 1 turns
 72911 | Abyss:1  | Paralysed by accursed screaming for 1 turns
 72919 | Depths:3 | Escaped the Abyss
 73177 | Depths:3 | Voluntarily entered the Abyss.
 73387 | Abyss:1  | Lost mutation: Your magical capacity is low. (-10% MP) [potion of mutation]
 73387 | Abyss:1  | Lost mutation: You are very weak. (Str -4) [potion of mutation]
 73387 | Abyss:1  | Lost mutation: You are resistant to electric shocks. (rElec) [potion of mutation]
 73387 | Abyss:1  | Gained mutation: You can translocate small distances at will. [potion of mutation]
 73388 | Abyss:1  | Lost mutation: Scrolls take you a little longer to read. [potion of mutation]
 73388 | Abyss:1  | Lost mutation: You often lose your temper in combat. [potion of mutation]
 73388 | Abyss:1  | Gained mutation: You are agile. (Dex +2) [potion of mutation]
 73510 | Abyss:3  | Noticed an ancient lich
 73534 | Abyss:3  | Killed an ancient lich
 73558 | Depths:3 | Escaped the Abyss
 73884 | Depths:3 | Voluntarily entered the Abyss.
 73959 | Abyss:1  | Lost mutation: You can translocate small distances at will. [potion of mutation]
 73959 | Abyss:1  | Lost mutation: You are weak. (Str -2) [potion of mutation]
 73959 | Abyss:1  | Lost mutation: Your body sometimes deteriorates upon taking damage. [potion of mutation]
 73959 | Abyss:1  | Lost mutation: You are agile. (Dex +2) [potion of mutation]
 73959 | Abyss:1  | Lost mutation: Your system is resistant to poisons. (rPois) [potion of mutation]
 73959 | Abyss:1  | Gained mutation: You do not regenerate when monsters are visible. [potion of mutation]
 73959 | Abyss:1  | Gained mutation: You are robust. (+10% HP) [potion of mutation]
 74169 | Abyss:1  | Found a corrupted altar of Lugonu.
 74308 | Abyss:1  | Found a hide-covered altar of Uskayaw.
 74360 | Abyss:1  | Reached XP level 27. HP: 277/294 MP: 22/22
 74363 | Abyss:1  | Found a corrupted altar of Lugonu.
 74586 | Abyss:2  | Found a corrupted altar of Lugonu.
 75430 | Abyss:3  | HP: 10/295 [acid (15)]
 75484 | Abyss:3  | HP: 14/295 [starcursed mass/accursed screaming (11)]
 75487 | Abyss:3  | HP: 3/295 [raiju/living lightning (5)]
 75543 | Abyss:3  | Found a corrupted altar of Lugonu.
 76217 | Abyss:4  | Found a transporter.
 76302 | Abyss:4  | Found a transporter.
 76325 | Abyss:4  | Found a transporter.
 76330 | Abyss:4  | Got an abyssal rune of Zot
 76510 | Abyss:4  | Upgraded the game from 0.21-a0-525-ga34b322 to 0.21-a0-528-gf531e82
 76510 | Abyss:4  | Found a transporter.
 76540 | Abyss:4  | Paralysed by accursed screaming for 2 turns
 76579 | Abyss:4  | Found a transporter.
 76593 | Abyss:4  | HP: 8/297 [lich/bolt of lightning (18)]
 76595 | Abyss:4  | HP: 1/297 [lich/bolt of lightning (14)]
 76597 | Abyss:5  | Entered Level 5 of the Abyss
 76656 | Abyss:5  | HP: 9/297 [sixfirhy[a cacodemon] (9)]
 76670 | Depths:3 | Escaped the Abyss
 77234 | Dis:1    | Entered Level 1 of the Iron City of Dis
 78251 | Dis:1    | Reached skill level 27 in Shields
 78273 | Dis:1    | Reached skill level 27 in Armour
 79216 | Dis:2    | Reached skill level 27 in Fighting
 83562 | Dis:5    | Reached skill level 27 in Long Blades
 84875 | Dis:6    | Upgraded the game from 0.21-a0-528-gf531e82 to 0.21-a0-529-g8c7b3f5
 85694 | Dis:7    | Entered Level 7 of the Iron City of Dis
 85840 | Dis:7    | Reached skill level 1 in Evocations
 86442 | Dis:7    | Reached skill level 1 in Stealth
 87431 | Dis:7    | Reached skill level 27 in Dodging
 87470 | Dis:7    | Reached skill level 1 in Maces & Flails
 87476 | Dis:7    | Reached skill level 5 in Stealth
 87538 | Dis:7    | Reached skill level 5 in Maces & Flails
 87555 | Dis:7    | Reached skill level 5 in Evocations
 87563 | Dis:7    | Killed from afar by an iron giant

Vault maps used:
D:1:      dpeg_arrival_shelter, serial_co_window_serial, co_window_paths_b,
          co_window_paths_a, co_window_paths_a, co_window_corner_a,
          co_window_of_opportunity_a, co_window_of_opportunity_b,
          co_window_corner_b, co_window_cross_3, glass_columns_b,
          glass_columns_a, glass_columns_b, nrook_loot_triangle
D:2:      minmay_roachtagon, kennysheep_generic_room_2
D:3:      tgw_sif, glass_columns_a
D:4:      marbit_many_paths, kennysheep_mini_moat, first_bread, uniq_sigmund,
          uniq_duvessa
D:5:      black_bear_nest_2, minmay_temple_entry_statues_pillars, uniq_eustachio
D:6:      serial_shops, nicolae_shop_stone
D:7:      evilmike_ruin_ashenzari, uniq_menkaure
D:8:      kennysheep_mini, grunt_livestock
D:9:      grunt_temple_overflow_cloverleaf, minmay_lair_entry_lava, serial_ice,
          serial_ice_o, serial_ice_i, serial_ice_f, serial_ice_g
D:10:     gammafunk_sealed_arena, library_closet
D:11:     nooodl_food_tri, uniq_snorg
D:12:     hiddenorc2_lemuel, lab_entry_generic, uniq_harold
D:13:     david_vaults_5
D:14:     cheibriados_altar_1
D:15:     hangedman_depths_entry_civil_slaughter, fedhas_altar_2
Temple:   oiseaux_autumnal_temple
Lair:1:   roderic_batcave, serial_bayou_lagoon_a, lemuel_fruit_fields,
          serial_bayou_shore_b
Lair:2:   special_room, portal_ice_cave_rime
Lair:3:   cheibrodos_magma_flow, dummy_snake_entry, serial_bayou,
          serial_bayou_lake_a, serial_bayou_pond_e, serial_bayou_shore_b,
          serial_bayou_pond_d, uniq_nergalle
Lair:4:   minmay_shoals_entry_beasts, special_room, hangedman_lair_generics_rect
Lair:5:   slime_dummy, beast_lair_carwin_4, infiniplex_staircase_pool_2
Lair:6:   due_jungle_book
Shoals:1: serial_shops, nicolae_shop_window_shopping
Shoals:2: serial_shops, shop
Shoals:3: nicolae_shoals_aquamancer_cove
Shoals:4: shoals_end_simple, shoals_ilsuiw_alternative
Snake:1:  st_stairs_1
Snake:2:  basic_altar
Snake:3:  grunt_megastairs_3
Snake:4:  grunt_snake_rune_pools, lemuel_fruit_tree, grunt_megastairs_5,
          serial_bayou_shore_b
Slime:2:  cheibrodos_slime_lost_civilization_5, uniq_donald
Slime:3:  basic_altar, nicolae_slime_ancient_tower_intersection,
          cheibrodos_slime_lost_civilization_4
Slime:4:  cheibrodos_slime_lost_civilization_9, nicolae_slime_round_cave
Orc:1:    uniq_erolcha, uniq_erica
Orc:2:    kennysheep_orc_mage_school, serial_shops, nicolae_shop_crystal, shop,
          nicolae_shop_crystal, nicolae_shop_overgrown_old_shop
Elf:1:    minmay_elf_arrival_summoners, infiniplex_enter_wizlab_spiral,
          minmay_elf_crystal_heptagon, st_stairs_6,
          serial_sigils_hangedman_clutch
Elf:2:    hangedman_glass_teeth, palyth_stone_intersect, minmay_shop_grove
Elf:3:    minmay_elf_hall_curves
Vaults:1: hangedman_vaults_nails, st_cells, vaults_standard_mumra_x,
          hangedman_vaults_slice, v_rooms_6, serial_shops,
          nicolae_shop_temple_entry_statues_fountains
Vaults:2: hangedman_vaults_capsules, ontoclasm_vaults_spin,
          vaults_dpeg_encased_lava, vaults_room_semicircle,
          nicolae_vaults_network_quincunx, vaults_room_hallway,
          hangedman_vaults_river_flow, grunt_vaults_funnel,
          nicolae_vaults_little_squares_4, st_cross, vaults_mumra_chevron_long,
          vaults_room_fours, serial_shops, shop, nicolae_shop_overgrown_old_shop
Vaults:3: ontoclasm_vaults_ring_large, hangedman_vaults_stretched_pinwheel,
          v_misc_22, minmay_crypt_entry_simple_box, nicolae_vaults_minivaults,
          nicolae_vaults_specimen_jars, vaults_room_stairs_pillars, v_misc_30,
          ontoclasm_vaults_gateway, v_misc_15, ontoclasm_vaults_decontamination
Vaults:4: grunt_vaults_hallway_long, nicolae_vaults_quartermaster,
          hangedman_vaults_stretched_pinwheel, hangedman_vaults_slice,
          vaults_room_grid, vaults_mumra_minichess_inversion, vaults_mumra_hex,
          nicolae_vaults_alarming, nicolae_vaults_mini_display_case,
          ontoclasm_vaults_pinch, v_misc_22, dpeg_vaults_monster_box,
          uniq_xtahua
Vaults:5: uniq_boris
Depths:1: lightli_too_deep, roderic_roman_lattice, tgw_lugonu_bribe
Depths:2: minmay_mutant_horseshoe, bh_walls_and_bars,
          grunt_hell_entry_dis_grunt, minmay_misc_feat_chi,
          minmay_misc_feat_hallway, grunt_ministairs_13
Depths:3: minmay_the_grid_ultimate, hell_entry, pan_entry, abyss_entry
Depths:4: due_jory_tower, enter_ziggurat_f, kennysheep_decorative_pillar,
          hell_entry, abyss_entry_small_statue_room, minmay_staircase_bubble,
          minmay_shoptagon
Depths:5: evilmike_zot_entry_hall, hell_entry, minmay_gold_behind_fungi,
          hangedman_summoners_spam, serial_bayou_shore_b
Dis:1:    hangedman_dis_monolith
Dis:2:    nicolae_dis_lava_storage_tank, hangedman_dis_decor_blocks_talon,
          grunt_megastairs_1
Dis:3:    hangedman_iron_city_apartments
Dis:5:    lemuel_elevator
Dis:7:    dis_hangedman
Abyss:1:  lemuel_flamethrower_2
Abyss:3:  nicolae_abyss_rune_left_handed, evilmike_abyss_exit_6
Abyss:4:  evilmike_abyss_exit_12, evilmike_abyss_rune_elephants_shrine,
          gammafunk_abyss_rune_reverse_zot
Abyss:5:  evilmike_abyss_exit_17, abyss_greek_temple, abyss_furniture_001
Lab:      labyrinth_hidden_loot, labyrinth_skeletal_remains,
          nicolae_lab_hexagon, nicolae_lab_do_over, lab_block, lab_statue
IceCv:    ice_cave_statue_garden_chambered

Skill      XL: |  1  2  3  4  5  6  7  8  9 10 11 12 13 14 15 16 17 18 19 20 21 22 23 24 25 26 27 |
---------------+----------------------------------------------------------------------------------+-----
Armour         | 4 5 6 7 8 9 10 11 12 13 14 15 16 17 18 19 20 21 22 24 25 27 | 27.0
Fighting       | 4 5 6 8 13 14 15 16 17 18 19 20 21 22 23 24 25 27 | 27.0
Shields        | 4 5 6 8 10 11 12 13 14 15 16 17 18 19 20 21 22 23 24 25 27 | 27.0
Long Blades    | 3 4 5 6 7 8 10 11 12 13 15 16 17 18 19 20 21 22 23 24 27 | 27.0
Dodging        | 1 2 3 5 6 8 9 10 12 13 14 15 16 17 18 19 20 21 22 27 | 27.0
Evocations     | 5 |  5.1
Stealth        | 6 |  6.5
Maces & Flails | 5 |  5.5

Action                   |  1- 3 |  4- 6 |  7- 9 | 10-12 | 13-15 | 16-18 | 19-21 | 22-24 | 25-27 || total
-------------------------+-------+-------+-------+-------+-------+-------+-------+-------+-------++-------
Melee: Long sword        |    69 |       |       |       |       |       |       |       |       ||    69
       Headbutt          |    17 |    26 |    58 |   158 |   370 |   375 |   579 |   506 |  1370 ||  3459
       Short sword       |    14 |   165 |   343 |   605 |       |       |       |       |       ||  1127
       Kick              |       |    15 |    88 |   255 |   183 |       |       |       |       ||   541
       Scimitar          |       |       |       |    31 |  1506 |  1743 |  1881 |  1354 |       ||  6515
       Double sword      |       |       |       |       |       |       |       |   135 |  4260 ||  4395
 Fire: Blowgun           |       |     6 |       |       |       |       |       |       |       ||     6
Invok: Heavenly Storm    |       |       |       |       |       |       |       |     1 |     3 ||     4
Evoke: Wand              |       |       |       |       |     2 |       |     1 |       |     4 ||     7
       Sack of spiders   |       |       |       |       |       |       |       |       |     1 ||     1
  Use: Potion            |     5 |     2 |       |     4 |     5 |     4 |     3 |     9 |    22 ||    54
       Scroll            |     2 |     4 |     6 |     6 |    19 |    16 |    13 |    11 |     6 ||    83
 Stab: Invisible         |       |       |       |       |       |     3 |       |       |       ||     3
       Distracted        |       |       |       |       |       |       |       |     1 |     2 ||     3
       Sleeping          |       |       |       |       |       |       |       |       |     4 ||     4
  Eat: Chunk             |     1 |     6 |     4 |    17 |    29 |    18 |    28 |     9 |     1 ||   113
       Bread ration      |       |       |     2 |       |     2 |     5 |     2 |     5 |    12 ||    28
       Royal jelly       |       |       |     2 |       |     3 |     2 |     1 |     1 |     4 ||    13
       Fruit             |       |       |       |     1 |     1 |       |     1 |     3 |    18 ||    24
       Meat ration       |       |       |       |       |       |       |       |       |     1 ||     1
Armor: Scale mail        |    41 |     3 |    49 |   107 |       |       |       |       |       ||   200
       Ring mail         |       |    25 |    19 |       |       |       |       |       |       ||    44
       Leather armour    |       |       |    10 |       |       |       |       |       |       ||    10
       Robe              |       |       |     1 |       |       |       |       |       |       ||     1
       Plate armour      |       |       |       |    83 |    67 |       |       |       |       ||   150
       Chain mail        |       |       |       |       |   418 |   409 |   332 |   312 |   710 ||  2181
       Skin              |       |       |       |       |       |       |       |       |     1 ||     1
Dodge: Dodged            |    14 |    38 |   114 |   161 |   448 |   468 |   607 |   523 |  1067 ||  3440
Block: Shield            |    35 |    60 |   179 |   293 |   735 |   939 |  1559 |  1368 |  3633 ||  8801
       Reflection        |       |       |       |       |       |    85 |   170 |   141 |    77 ||   473
       Rpst.: Long sword |     4 |       |       |       |       |       |       |       |       ||     4
       Scimitar          |       |       |       |     2 |    99 |    75 |    92 |    79 |       ||   347
       Double sword      |       |       |       |       |       |       |       |     9 |   147 ||   156

Table legend:
 A = Spawn XP
 B = Non-spawn XP
 C = Spawn XP percentage of total XP
 D = Spawn monster count
 E = Non-spawn monster count
 F = Spawn count percentage of total count
 G = Total turns spent on level
                    A         B        C        D         E        F      G
               +---------+---------+-------+---------+---------+-------+---------
         Total |  147580 | 1945584 |   7.1 |     224 |    3253 |   6.4 | 87563
               +---------+---------+-------+---------+---------+-------+---------
           D:1 |       0 |      79 |   0.0 |       0 |      29 |   0.0 |  1091
           D:2 |       0 |      61 |   0.0 |       0 |      28 |   0.0 |   499
           D:3 |       0 |     495 |   0.0 |       0 |      36 |   0.0 |  1368
           D:4 |       0 |     337 |   0.0 |       0 |      16 |   0.0 |  1123
           D:5 |       0 |     908 |   0.0 |       0 |      17 |   0.0 |  1058
           D:6 |       0 |    1401 |   0.0 |       0 |      32 |   0.0 |  1968
           D:7 |       0 |    1304 |   0.0 |       0 |      23 |   0.0 |  1260
           D:8 |       0 |    2488 |   0.0 |       0 |      24 |   0.0 |   747
           D:9 |       0 |    5056 |   0.0 |       0 |      50 |   0.0 |  1439
          D:10 |       0 |    2789 |   0.0 |       0 |      22 |   0.0 |  1365
          D:11 |       0 |    1063 |   0.0 |       0 |      14 |   0.0 |   811
          D:12 |       0 |    8558 |   0.0 |       0 |      77 |   0.0 |  1510
          D:13 |       0 |   14204 |   0.0 |       0 |      40 |   0.0 |  1217
          D:14 |       0 |   12491 |   0.0 |       0 |      41 |   0.0 |  1161
          D:15 |       0 |   24113 |   0.0 |       0 |      59 |   0.0 |  1444
        Lair:1 |       0 |    6208 |   0.0 |       0 |      36 |   0.0 |  1139
        Lair:2 |       0 |   10473 |   0.0 |       0 |      56 |   0.0 |  1215
        Lair:3 |       0 |    8314 |   0.0 |       0 |      30 |   0.0 |  2037
        Lair:4 |       0 |   19738 |   0.0 |       0 |      58 |   0.0 |  1655
        Lair:5 |       0 |    7189 |   0.0 |       0 |      22 |   0.0 |   833
        Lair:6 |       0 |   18143 |   0.0 |       0 |      37 |   0.0 |  1680
      Shoals:1 |       0 |   16958 |   0.0 |       0 |      38 |   0.0 |  1076
      Shoals:2 |       0 |   18692 |   0.0 |       0 |      37 |   0.0 |  1243
      Shoals:3 |       0 |   13206 |   0.0 |       0 |      22 |   0.0 |  1033
      Shoals:4 |       0 |   34900 |   0.0 |       0 |      55 |   0.0 |  1371
       Snake:1 |       0 |   21212 |   0.0 |       0 |      36 |   0.0 |  1140
       Snake:2 |       0 |    7142 |   0.0 |       0 |      14 |   0.0 |  1101
       Snake:3 |       0 |   16879 |   0.0 |       0 |      30 |   0.0 |  1352
       Snake:4 |       0 |   52275 |   0.0 |       0 |      90 |   0.0 |  1918
       Slime:1 |       0 |   25006 |   0.0 |       0 |      34 |   0.0 |   561
       Slime:2 |       0 |   11129 |   0.0 |       0 |      22 |   0.0 |   354
       Slime:3 |       0 |   11502 |   0.0 |       0 |      24 |   0.0 |  1143
       Slime:4 |       0 |   17687 |   0.0 |       0 |      14 |   0.0 |  1246
       Slime:5 |       0 |   41253 |   0.0 |       0 |      33 |   0.0 |   809
         Orc:1 |       0 |    3862 |   0.0 |       0 |       8 |   0.0 |   520
         Orc:2 |       0 |    9359 |   0.0 |       0 |      62 |   0.0 |  2665
         Elf:1 |       0 |   26150 |   0.0 |       0 |      40 |   0.0 |  1801
         Elf:2 |       0 |   41202 |   0.0 |       0 |      52 |   0.0 |  2665
         Elf:3 |       0 |   62535 |   0.0 |       0 |      66 |   0.0 |  2465
      Vaults:1 |       0 |   43102 |   0.0 |       0 |      87 |   0.0 |  1568
      Vaults:2 |       0 |   47630 |   0.0 |       0 |      83 |   0.0 |  1282
      Vaults:3 |       0 |   32820 |   0.0 |       0 |      41 |   0.0 |  1033
      Vaults:4 |       0 |  120964 |   0.0 |       0 |     136 |   0.0 |  3412
      Vaults:5 |       0 |  155911 |   0.0 |       0 |     126 |   0.0 |  1906
      Depths:1 |       0 |   61268 |   0.0 |       0 |      79 |   0.0 |  1570
      Depths:2 |       0 |   42083 |   0.0 |       0 |      51 |   0.0 |  1223
      Depths:3 |    1229 |  141095 |   0.9 |       2 |     113 |   1.7 |  4126
      Depths:4 |       0 |   58983 |   0.0 |       0 |      82 |   0.0 |  2273
      Depths:5 |       0 |   71045 |   0.0 |       0 |      64 |   0.0 |  1458
          Hell |       0 |   31929 |   0.0 |       0 |      54 |   0.0 |  3436
         Dis:1 |       0 |   82609 |   0.0 |       0 |     152 |   0.0 |  1264
         Dis:2 |       0 |   62014 |   0.0 |       0 |     108 |   0.0 |  1163
         Dis:3 |       0 |   90275 |   0.0 |       0 |     149 |   0.0 |  1588
         Dis:4 |       0 |   39028 |   0.0 |       0 |      79 |   0.0 |   723
         Dis:5 |       0 |   32375 |   0.0 |       0 |      67 |   0.0 |  1016
         Dis:6 |       0 |   29217 |   0.0 |       0 |      34 |   0.0 |   872
         Dis:7 |       0 |   88054 |   0.0 |       0 |      95 |   0.0 |   778
       Abyss:1 |   42842 |   45010 |  48.8 |      65 |      82 |  44.2 |  1586
       Abyss:3 |   63252 |   57341 |  52.5 |      94 |      82 |  53.4 |  1479
       Abyss:4 |   38193 |   30535 |  55.6 |      57 |      50 |  53.3 |   992
       Abyss:5 |    2064 |       0 | 100.0 |       6 |       0 | 100.0 |    73
           Lab |       0 |    1824 |   0.0 |       0 |       3 |   0.0 |   518
         IceCv |       0 |    4111 |   0.0 |       0 |      12 |   0.0 |   770
               +---------+---------+-------+---------+---------+-------+---------
